 Dungeon Crawl Stone Soup version 0.31-a0-854-g362426d53f (webtiles) character file.

Game seed: 11648908426575370633

12247 hikkokomori the Fighter (level 11, -16/95 HPs)
             Began as a Purple Draconian Fire Elementalist on Oct 9, 2023.
             Was a Believer of Nemelex Xobeh.
             Demolished by a shadow (27 damage)
             ... on level 10 of the Dungeon.
             The game lasted 00:59:27 (12830 turns).

hikkokomori the Fighter (DrFE)                     Turns: 12830, Time: 00:59:27

Health: -16/95     AC: 12    Str: 10    XL:     11   Next: 59%
Magic:  18/20      EV: 11    Int: 19    God:    Nemelex Xobeh [**....]
Gold:   1250       SH: 11    Dex: 15    Spells: 8/23 levels left

rFire   . . .        C - +4 falchion (freeze)
rCold   . . .        e - +0 buckler
rNeg    + . .        (body armour unavailable)
rPois   +            (helmet restricted)
rElec   .            K - +0 cloak
rCorr   .            w - +2 pair of gloves
SInv    .            n - +0 pair of boots
Will    +....        k - amulet of reflection
Stlth   ++++         S - ring of Foryd {Fly rPois rN+ Dex+2 Stlth+}
HPRegen 0.35/turn    y - ring of wizardry
MPRegen 0.17/turn

%: reflection, wizardry (x1)
@: flying
A: breathe power, AC +7, unfitting armour, cold-blooded
a: Breathe Dispelling Energy, Renounce Religion, Draw Escape, Draw Destruction,
Draw Summoning


You were on level 10 of the Dungeon.
You worshipped Nemelex Xobeh.
Nemelex Xobeh was pleased with you.
You visited 2 branches of the dungeon, and saw 11 of its levels.
You also visited: Bailey.

You collected 1250 gold pieces.

Inventory:

Hand Weapons
 g - a +0 whip of electrocution
 o - a +1 rapier of freezing
 B - a +7 halberd
 C - a +4 falchion of freezing (weapon)
 L - the +4 consecrated labrys {holy, Valiant Fragile Fly SInv}
   (You found it on level 8 of the Dungeon)

   Valiant:   It becomes more powerful as more dangerous foes come into view.
   SInv:      It lets you see invisible.
   Fly:       It grants you flight.
   Fragile:   It will be destroyed if unequipped.
 M - a +2 orcbow of draining
Missiles
 f - 24 poisoned darts
Armour
 e - a +0 buckler (worn)
 n - a +0 pair of boots (worn)
 r - a +0 kite shield
 w - a +2 pair of gloves (worn)
 K - a +0 cloak (worn)
 U - the +0 pair of gloves of the Wasteland {rCorr Int+7 Dex-5 Stlth+}
   (You found it on level 9 of the Dungeon)

   Int+7:     It affects your intelligence (+7).
   Dex-5:     It affects your dexterity (-5).
   rCorr:     It protects you from acid and corrosion.
   Stlth+:    It makes you more stealthy.
Magical Staves
 p - a staff of fire
Jewellery
 c - a ring of positive energy
 k - an amulet of reflection (around neck)
 s - a ring of flight
 y - a ring of wizardry (right hand)
 A - a +6 ring of dexterity
 F - a +6 ring of strength
 H - a ring of see invisible
 S - the ring of Foryd (left hand) {Fly rPois rN+ Dex+2 Stlth+}
   (You took it off an orc in a bailey)

   [ring of flight]

   Dex+2:     It affects your dexterity (+2).
   rPois:     It protects you from poison rN+: It protects you from negative
   energy.
   Fly:       It grants you flight.
   Stlth+:    It makes you more stealthy.
 T - an amulet of magic regeneration
Talismans
 j - a talisman of death
Wands
 V - a wand of flame (11)
Scrolls
 d - a scroll of torment
 h - 3 scrolls of teleportation
 i - 3 scrolls of vulnerability
 l - a scroll of revelation
 m - a scroll of butterflies {unknown}
 q - 3 scrolls of enchant weapon
 D - a scroll of immolation
 G - a scroll of silence
 J - a scroll of enchant armour
 P - a scroll of fog {unknown}
 Q - a scroll of identify
 W - a scroll of amnesia {unknown}
Potions
 a - a potion of magic
 b - 2 potions of mutation
 t - 2 potions of brilliance
 v - 2 potions of might {unknown}
 x - 4 potions of curing
 z - 3 potions of attraction
 E - 2 potions of haste {unknown}
 I - a potion of resistance {unknown}
 N - a potion of enlightenment {unknown}
 O - a potion of degeneration {unknown}
Miscellaneous
 R - a condenser vane


   Skills:
 + Level 8.7 Fighting
 - Level 1.7 Dodging
 - Level 7.0 Stealth
 - Level 6.4 Shields
 + Level 6.5 Spellcasting
 - Level 1.0 Conjurations
 - Level 6.9 Hexes
 + Level 7.7 Summonings
 - Level 4.4 Fire Magic
 + Level 7.8 Invocations


You had 8 spell levels left.
You knew the following spells:

 Your Spells              Type           Power      Damage    Failure   Level
a - Foxfire               Conj/Fire      64%        2x1d7     1%          1
b - Scorch                Fire           46%        2d6       1%          2
c - Summon Guardian Gole  Hex/Summ       34%        N/A       1%          3
d - Sigil of Binding      Hex            32%        N/A       1%          3
e - Inner Flame           Hex/Fire       27%        N/A       1%          3
f - Tukima's Dance        Hex            32%        N/A       1%          3

Your spell library contained the following spells:

 Spells                   Type           Power      Damage    Failure   Level
 Jinxbite                 Hex            64%        N/A       1%          2
 Call Canine Familiar     Summ           35%        N/A       1%          3
 Necrotise                Necr           24%        1d5       6%          1
 Volatile Blastmotes      Fire/Tloc      28%        2d12      7%          3
 Lesser Beckoning         Tloc           12%        N/A       9%          2
 Dimensional Bullseye     Hex/Tloc       9%         N/A       14%         4
 Leda's Liquefaction      Hex/Erth       9%         N/A       14%         4
 Gell's Gravitas          Tloc           6%         N/A       17%         3
 Teleport Other           Tloc           6%         N/A       17%         3
 Vampiric Draining        Necr           6%         2d6       17%         3
 Flame Wave               Conj/Fire      16%        2d7       19%         4
 Summon Cactus Giant      Summ           17%        N/A       34%         6
 Iskenderun's Mystic Bla  Conj/Tloc      8%         2d4       41%         4
 Agony                    Necr           6%         N/A       82%         5


Dungeon Overview and Level Annotations

Branches:
Dungeon (10/15)            Temple (1/1) D:5            Lair (0/5) D:9
 Bailey (visited)
    Orc: D:9-12

Altars:
Ashenzari
Cheibriados
Dithmenos
Elyvilon
Fedhas
Gozag
Kikubaaqudgha
Makhleb
Nemelex Xobeh
Okawaru
Sif Muna
Uskayaw
Vehumet
Wu Jian
Xom
Yredelemnul
Zin
The Shining One
Jiyva

Shops:
D:2 [   D:5 *   D:9 *

Annotations:
D:9 3 runed translucent doors, perezv8180's ghost, novice TrSh


Innate Abilities, Weirdness & Mutations

You can breathe bolts of dispelling energy.
Your rich purple scales are hard. (AC +7)
You cannot fit into any form of body armour.
You are cold-blooded and may be slowed by cold attacks.


Message History

You slash the steam dragon! You freeze the steam dragon.
You tail-slap the steam dragon, but do no damage.
The steam dragon is heavily wounded.
The shadow hits you!
* * * LOW HITPOINT WARNING * * *
The steam dragon breathes steam at you.
The ball of steam hits you but does no damage.
Unknown command.
Unknown command.
The shadow is no longer more vulnerable to fire.
The shadow hits you.
* * * LOW HITPOINT WARNING * * *
The steam dragon breathes steam at you. The ball of steam misses you.
You are engulfed in a cloud of scalding steam.
* * * LOW HITPOINT WARNING * * *
The steam dragon attacks as it pursues you!
The steam dragon closely misses you.
The steam dragon claws you but does no damage.
You feel much better. The shadow misses you.
The steam dragon breathes steam at you. The ball of steam hits you!
* * * LOW HITPOINT WARNING * * *
Unknown command.
You hit the shadow. You tail-slap the shadow.
The shadow is heavily damaged.
You are engulfed in a cloud of scalding steam.
Your guardian golem disappears in a puff of smoke!
The shadow hits you!
* * * LOW HITPOINT WARNING * * *
The steam dragon breathes steam at you. The ball of steam misses you.
The shadow slips into darkness.
The shadow flickers and vanishes!
Deactivating autopickup; reactivate with Ctrl-A.
Unknown command.
Unknown command.
The shadow strikes at you from the darkness!
You die...
Your body disappears without a glow.

..).....#
........#
........#
........#
......######
........§..#
#.....§.#
#..D{§..#
#..<@§§§#
#.....§§#
#.....§.#
#...........
+.#.#.#######
#.#.#.. #
#.#.## #.#..


You could see a steam dragon (catching breath).

Vanquished Creatures
  2 centaur warriors (D:8)
  An orc knight (Bailey)
  A shadow (D:9)
  A wyvern (D:5)
  2 yaks
  3 water moccasins
  4 sky beasts
  8 orc warriors
  2 ice beasts
  2 black bears
  5 centaurs
  2 ogres
  2 phantoms
  A kobold brigand (D:8)
  11 bullfrogs
  2 gnoll sergeants
  3 scorpions
  5 wights
  3 killer bees (D:9)
  3 howler monkeys
  A crimson imp (D:7)
  4 orc priests
  6 jellies
  Crazy Yiuf (D:7)
  6 hounds (D:5)
  7 iguanas
  A sleepcap (D:5)
  5 orc wizards
  16 gnolls
  7 adders
  A white imp (D:7)
  A worm (D:2)
  2 dart slugs
  25 orcs
  5 endoplasms
  2 giant cockroaches
  20 hobgoblins
  9 jackals
  7 kobolds
  2 quokkas
  7 ball pythons
  5 bats
  A frilled lizard (D:1)
  20 goblins
  3 rats
227 creatures vanquished.

Vanquished Creatures (collateral kills)
  A foxfire (D:9)
1 creature vanquished.

Vanquished Creatures (others)
  An orc warlord (Bailey)
  A hydra (D:8)
  2 two-headed ogres (D:9)
  An orc knight (Bailey)
  A manticore (D:8)
  A hornet (D:9)
  A wyvern (D:8)
  A steam dragon (D:9)
  5 orc warriors
  2 centaurs
  A gnoll sergeant (D:9)
  5 wights
  A killer bee (D:9)
  An orc priest (D:9)
  7 gnolls
  An orc (Bailey)
  6 goblins (Bailey)
  2 hobgoblins (Bailey)
  807 foxfires
847 creatures vanquished.

Grand Total: 1075 creatures vanquished

Notes
Turn   | Place    | Note
-------+----------+-------------------------------------------
     0 | D:1      | hikkokomori the Draconian Fire Elementalist began the quest
                  | for the Orb.
     0 | D:1      | Reached XP level 1. HP: 14/14 MP: 3/3
   238 | D:1      | Reached XP level 2. HP: 22/22 MP: 3/5
   398 | D:1      | Got a murmuring book
   470 | D:1      | Reached skill level 1 in Fighting
   692 | D:2      | Found Soclegu's Armour Emporium.
  1133 | D:2      | Reached XP level 3. HP: 28/28 MP: 0/6
  1216 | D:2      | Learned a level 2 spell: Scorch
  1386 | D:2      | Learned a level 3 spell: Summon Guardian Golem
  1525 | D:2      | Reached skill level 1 in Shields
  1746 | D:3      | Noticed a water moccasin
  1906 | D:3      | Reached XP level 4. HP: 35/35 MP: 7/7
  1966 | D:3      | Found a white marble altar of Elyvilon.
  2713 | D:4      | Noticed an ogre
  2726 | D:4      | Killed an ogre
  2727 | D:4      | Reached skill level 2 in Fighting
  2727 | D:4      | Reached skill level 1 in Summonings
  2727 | D:4      | Reached XP level 5. HP: 41/41 MP: 0/9
  2963 | D:4      | Reached skill level 1 in Hexes
  3278 | D:5      | Entered Level 5 of the Dungeon
  3336 | D:5      | Noticed a water moccasin
  3345 | D:5      | Killed a water moccasin
  3346 | D:5      | Reached XP level 6. HP: 43/50 MP: 4/10
  3686 | D:5      | Reached skill level 3 in Fighting
  3689 | D:5      | Your scales start taking on a rich purple colour.
  3689 | D:5      | Reached XP level 7. HP: 57/57 MP: 0/12
  3708 | D:5      | Learned a level 3 spell: Sigil of Binding
  4205 | D:5      | Found a staircase to the Ecumenical Temple.
  4331 | D:5      | Learned a level 3 spell: Inner Flame
  4344 | Temple   | Entered the Ecumenical Temple
  4480 | Temple   | Became a worshipper of Nemelex Xobeh the Trickster
  4769 | D:5      | Found Zisal's Gadget Gallery.
  4867 | D:5      | Reached skill level 1 in Invocations
  5065 | D:5      | Reached XP level 8. HP: 39/66 MP: 0/14
  5307 | D:5      | Reached skill level 4 in Fighting
  6533 | D:6      | Found a blossoming altar of Fedhas.
  6582 | D:6      | Reached skill level 5 in Stealth
  6693 | D:6      | Reached skill level 5 in Fighting
  6693 | D:6      | Reached XP level 9. HP: 74/74 MP: 7/15
  7631 | D:7      | Reached skill level 5 in Hexes
  8046 | D:7      | Reached * piety under Nemelex Xobeh
  8212 | D:7      | Found a runed translucent door.
  8213 | D:7      | Noticed Crazy Yiuf
  8565 | D:7      | Killed Crazy Yiuf
  8755 | D:8      | Reached skill level 5 in Shields
  8805 | D:8      | Received a gift from Nemelex Xobeh
  8870 | D:8      | Reached skill level 5 in Summonings
  8909 | D:8      | Reached skill level 6 in Fighting
  9074 | D:8      | Noticed a seven-headed hydra
  9074 | D:8      | Noticed a manticore
  9074 | D:8      | Found the +4 consecrated labrys {holy, Valiant Fragile Fly
                  | SInv}
  9085 | D:8      | Killed a seven-headed hydra
  9086 | D:8      | Reached skill level 5 in Invocations
  9086 | D:8      | Reached XP level 10. HP: 56/84 MP: 12/16
  9096 | D:8      | Killed a manticore
  9127 | D:8      | Identified the +2 leather armour of Springtime {Harm}
  9175 | D:8      | Noticed a centaur warrior
  9243 | D:8      | Killed a centaur warrior
  9457 | D:8      | Noticed a centaur warrior
  9818 | D:8      | Reached skill level 7 in Fighting
  9903 | D:8      | Killed a centaur warrior
 10345 | D:9      | Found a flagged portal.
 10411 | D:9      | Noticed a two-headed ogre
 10423 | D:9      | Killed a two-headed ogre
 10543 | D:9      | Reached XP level 11. HP: 88/92 MP: 12/18
 10571 | Bailey   | Entered a bailey
 10674 | Bailey   | Learned a level 3 spell: Tukima's Dance
 10717 | Bailey   | Reached skill level 5 in Spellcasting
 10922 | Bailey   | Noticed an orc knight
 10922 | Bailey   | Identified the ring of Foryd {Fly rPois rN+ Dex+2 Stlth+}
 10928 | Bailey   | Noticed an orc knight
 10933 | Bailey   | Killed an orc knight
 11103 | Bailey   | Killed an orc knight
 11104 | Bailey   | Reached skill level 8 in Fighting
 11182 | Bailey   | Reached ** piety under Nemelex Xobeh
 11259 | Bailey   | Noticed an orc warlord
 11304 | Bailey   | Killed an orc warlord
 11693 | Bailey   | Acquired 535 gold pieces
 12270 | D:9      | Received a gift from Nemelex Xobeh
 12460 | D:9      | Found Zaiteng's Neck Hole.
 12486 | D:9      | Found a shimmering altar of Xom.
 12522 | D:9      | Identified the +0 pair of gloves of the Wasteland {rCorr
                  | Int+7 Dex-5 Stlth+}
 12557 | D:9      | Noticed a two-headed ogre
 12568 | D:9      | Killed a two-headed ogre
 12649 | D:9      | Found a runed translucent gate.
 12649 | D:9      | Found a runed translucent gate.
 12649 | D:9      | Found a runed translucent gate.
 12653 | D:9      | Noticed perezv8180's ghost (novice TrSh)
 12656 | D:9      | Found a viscous altar of Jiyva.
 12762 | D:9      | Found a staircase to the Lair.
 12807 | D:10     | Entered Level 10 of the Dungeon
 12830 | D:10     | Demolished by a shadow

Illustrated notes

Levels and vault maps discovered:
D:1:      eino_arrival_cavern_d, layout_rooms
D:2:      layout_loops_cross, serial_shops, nicolae_shop_behind_doors
D:3:      layout_basic, mainiacjoe_overflow_paths,
          mainiacjoe_overflow_cross_hatched, serial_shops, nicolae_diamond_shop
D:4:      layout_loops_ring, kennysheep_boxes
D:5:      kennysheep_windowed_halls, layout_rooms, minmay_temple_entry_glass,
          nicolae_shop_gadgets
D:6:      layout_cave_pods, fedhas_ov_isle_minmay
D:7:      layout_rooms, solitary_fountain, minmay_fire_ice_demons,
          uniq_crazy_yiuf_cottage
D:8:      minmay_the_grid_plus_closed [minmay_the_grid_tiny_cups,
          minmay_the_grid_plusring, minmay_the_grid_odd_star,
          minmay_the_grid_slots, minmay_the_grid_prize_diamond_cup],
          layout_rooms, st_stairs_5
D:9:      layout_big_octagon, xom_confusion_cloud,
          grunt_lair_entry_orc_guard_hut, gammafunk_ghost_ooze, enter_bailey_4,
          nicolae_shop_sticking_my_neck_out
D:10:     layout_basic, gammafunk_temple_overflow_forgotten, hiddenorc2_lemuel
Temple:   nicolae_temple_no_exploring_needed

Skill      XL: |  1  2  3  4  5  6  7  8  9 10 11 |
---------------+----------------------------------+-----
Stealth        | 2 3 4 5 6 7 |  7.0
Fighting       | 1 2 3 5 6 7 8 |  8.7
Shields        | 1 2 3 4 5 6 |  6.4
Summonings     | 1 2 3 4 5 6 7 |  7.7
Hexes          | 1 2 3 4 6 |  6.9
Spellcasting   | 3 4 6 |  6.5
Fire Magic     | 4 |  4.4
Invocations    | 1 3 5 6 7 |  7.8
Dodging        | |  1.7
Conjurations   | |  1.0

Action                     |  1- 3 |  4- 6 |  7- 9 | 10-12 || total
---------------------------+-------+-------+-------+-------++-------
  Melee: Unarmed           |    32 |       |       |       ||    32
         Dagger            |     3 |       |       |       ||     3
         Tailslap          |     3 |     6 |    38 |    26 ||    73
         Staff             |    23 |    82 |   186 |       ||   291
         Rapier            |     1 |       |       |       ||     1
         Falchion          |       |       |    29 |   180 ||   209
  Throw: Dart              |       |     1 |     9 |     1 ||    11
   Cast: Foxfire           |    65 |    65 |   247 |   142 ||   519
         Sigil of Binding  |       |       |     6 |       ||     6
         Summon Guardian G |       |       |    17 |    43 ||    60
         Scorch            |       |       |    24 |    20 ||    44
         Inner Flame       |       |       |     1 |    11 ||    12
 Invoke: Draw Escape       |       |       |     1 |     3 ||     4
         Draw Summoning    |       |       |     1 |       ||     1
         Draw Destruction  |       |       |       |     2 ||     2
Ability: Breathe Dispellin |       |       |     4 |     4 ||     8
    Use: Scroll            |       |     9 |     7 |     7 ||    23
         Potion            |       |       |       |     1 ||     1
   Stab: Sleeping          |     1 |     1 |       |     1 ||     3
 Armour: Skin              |    27 |    58 |   191 |   188 ||   464
  Dodge: Dodged            |    28 |    49 |   137 |   117 ||   331
  Block: Buckler           |    11 |    51 |   171 |   173 ||   406
         Reflection        |       |       |     2 |    12 ||    14

Table legend: (Time is in decaauts)
 A = Elapsed time spent in this place.
 B = Non-inter-level travel time spent in this place.
 C = Inter-level travel time spent in this place.
 D = Time resting spent in this place.
 E = Time spent auto-exploring this place.
 F = Levels seen in this place.
 G = Mean time per level.
                   A        B        C        D        E       F      G
               +--------+--------+--------+--------+--------+-----+--------+
         Total |  12985 |  12632 |    353 |   2289 |   6867 |  12 | 1082.1 |
       Dungeon |  11720 |  11378 |    342 |   1871 |   6702 |  10 | 1172.0 |
        Temple |    108 |     97 |     11 |      0 |      0 |   1 |  108.0 |
        Bailey |   1157 |   1157 |      0 |    418 |    165 |   1 | 1157.0 |
               +--------+--------+--------+--------+--------+-----+--------+

Top non-repeatable levels by time:
     D:5: 2549 daAuts
     D:8: 1923 daAuts
     D:7: 1468 daAuts
     D:4: 1177 daAuts
     D:6: 1163 daAuts
  Bailey: 1157 daAuts
     D:2: 1113 daAuts
     D:9: 1068 daAuts
     D:1: 663 daAuts
     D:3: 566 daAuts
  Temple: 108 daAuts
    D:10: 26 daAuts
